 Dungeon Crawl Stone Soup version 0.26-a0-690-gcb57259078 (webtiles) character file.

Game seed: 13340337476804365677

10012 robertstho the Destroyer (level 11, -11/83 HPs)
             Began as a Gnoll Conjurer on Oct 23, 2020.
             Was a Priest of Sif Muna.
             Engulfed by a cloud of flame (20 damage)
             ... in a Gauntlet.
             The game lasted 00:34:39 (13610 turns).

robertstho the Destroyer (Gnoll Conjurer)          Turns: 13610, Time: 00:34:40

Health: -11/83     AC: 10    Str:  9    XL:     11   Next: 55%
Magic:  13/32      EV: 17    Int: 23    God:    Sif Muna [***...]
Gold:   79         SH:  0    Dex: 15    Spells: 12/26 levels left

rFire    . . .     SeeInvis .   t - staff of conjuration
rCold    . . .     Faith    .   (no shield)
rNeg     . . .     Spirit   .   n - +0 steam dragon scales
rPois    .         Reflect  .   (no helmet)
rElec    .         Harm     .   (no cloak)
rCorr    .         Rampage  .   v - +0 pair of gloves
MR       .....     NoTele   +   E - +1 pair of boots
Stlth    ++++......             u - amulet of magic regeneration
HPRegen  0.23/turn              g - ring of magical power
MPRegen  0.48/turn              (no ring)

@: no status effects
A: distributed training, fangs 1, strong nose
a: Channel Magic, Forget Spell, Renounce Religion


You were in a Gauntlet.
You worshipped Sif Muna.
Sif Muna was most pleased with you.
You visited 2 branches of the dungeon, and saw 12 of its levels.
You also visited: Gauntlet.

You collected 737 gold pieces.
You spent 658 gold pieces at shops.

Inventory:

Hand Weapons
 h - a +2 vampiric spear
 j - a +2 whip of electrocution
 s - a +0 dagger of venom
Missiles
 y - 29 poisoned darts (quivered)
Armour
 n - +0 steam dragon scales (worn)
 v - a +0 pair of gloves (worn)
 E - a +1 pair of boots (worn)
Magical Staves
 t - an uncursed staff of conjuration (weapon)
Jewellery
 g - a ring of magical power (left hand)
 u - an amulet of magic regeneration (around neck)
 C - the amulet "Egiasil" {Acrobat rC+}
   (You bought it in a shop on level 10 of the Dungeon)

   [amulet of the acrobat]

   It helps you evade while moving and waiting.
   It protects you from cold.
Wands
 q - a wand of flame (25)
 B - a wand of disintegration (14)
Scrolls
 b - 5 scrolls of teleportation
 d - 3 scrolls of enchant armour
 e - 2 scrolls of remove curse
 f - a scroll of magic mapping
 m - a scroll of fear {unknown}
 o - a scroll of blinking
 D - a scroll of summoning
Potions
 a - 2 potions of berserk rage
 c - 6 potions of haste
 i - 6 potions of flight
 k - 2 potions of might
 l - a potion of mutation
 p - a potion of stabbing
 r - a potion of brilliance
 x - a potion of curing
 z - a potion of ambrosia
Miscellaneous
 w - a lightning rod (4/4)


   Skills:
 + Level 6.4 Fighting
 + Level 6.4 Short Blades
 + Level 6.4 Long Blades
 + Level 6.4 Axes
 + Level 6.4 Maces & Flails
 + Level 6.4 Polearms
 + Level 6.4 Staves
 + Level 6.4 Slings
 + Level 6.4 Bows
 + Level 6.4 Crossbows
 + Level 6.4 Throwing
 + Level 6.4 Armour
 + Level 8.0 Dodging
 + Level 7.7 Stealth
 + Level 6.4 Shields
 + Level 6.4 Unarmed Combat
 + Level 8.2 Spellcasting
 + Level 9.0 Conjurations
 + Level 5.3 Hexes
 + Level 5.3 Summonings
 + Level 5.3 Necromancy
 + Level 5.3 Translocations
 + Level 5.3 Transmutations
 + Level 5.3 Fire Magic
 + Level 5.3 Ice Magic
 + Level 5.3 Air Magic
 + Level 5.3 Earth Magic
 + Level 5.3 Poison Magic
 + Level 7.0 Invocations
 + Level 6.4 Evocations


You had 12 spell levels left.
You knew the following spells:

 Your Spells              Type           Power        Failure   Level
a - Magic Dart            Conj           ####         1%          1
b - Searing Ray           Conj           ######       1%          2
c - Dazzling Flash        Conj/Hex       ######       1%          3
d - Fulminant Prism       Conj/Hex       ######....   3%          4
e - Iskenderun's Mystic   Conj/Tloc      ######..     3%          4

Your spell library contained the following spells:

 Spells                   Type           Power        Failure   Level
 Beastly Appendage        Tmut           ####..       1%          1
 Wereblood                Tmut           ####....     1%          2
 Spider Form              Tmut/Pois      ####......   2%          3
 Ice Form                 Ice/Tmut       ####....     8%          4
 Blade Hands              Tmut           ####......   22%         5


Dungeon Overview and Level Annotations

Branches:
Dungeon (11/15)            Temple (1/1) D:4            Lair (0/6) D:11
Gauntlet (1/1)
    Orc: D:9-12

Altars:
Ashenzari
Cheibriados
Dithmenos
Elyvilon
Fedhas
Gozag
Hepliaklqana
Kikubaaqudgha
Makhleb
Nemelex Xobeh
Okawaru
Qazlal
Ru
Sif Muna
Trog
Uskayaw
Vehumet
Wu Jian
Xom
Yredelemnul
Zin
The Shining One

Shops:
D:9 =*   D:10 **((

Portals:
Trove: D:10 (show abyssal rune of Zot)

Annotations:
Gauntlet 11 transporters


Innate Abilities, Weirdness & Mutations

Your experience applies equally to all skills.
You have very sharp teeth.
Your uncanny sense of smell can sniff out nearby items.


Message History

* * * LOW HITPOINT WARNING * * *
You feel better. The fire crab breathes flames at you.
The blast of flame engulfs you.
* * * LOW HITPOINT WARNING * * *
Unknown command.
Okay, then.
Okay, then.
Evoke which item? (* to show all) (? for menu, Esc to quit)
Aiming: Disintegrate
Press: ? - help, Shift-Dir - straight line, f/p - fire crab
Aim: a fire crab (almost dead, chance to defeat MR: 73%)
The fire crab is blasted!
You blow up the fire crab!
Sif Muna accepts your kill.
Your Dodging skill increases to level 8!
Your Conjurations skill increases to level 9!
Your Invocations skill increases to level 7!
You are engulfed in blazing flames.
You die...

.......................≈#
........................###
########...###########..#8#
.......#.8.##.......##..###
#^..##.#...#.#t....#.#..#
##.##..#####..#.*.#..#..###
.#.#...#...#..°#.#...#..#8#
.#©....#©.©#©...#©...#©.###
.#.#...#...#?..#@#...#..#
##.##..#####|.#...#..#..###
#^.^##w#...#.#.....#.#..#8#
.....^w#...##.......##..###
########...###########..#
.........≈.............≈###
........≈8≈........∩...∩#8#
.........≈.............§###
########...###########..#


There were no monsters in sight!

Vanquished Creatures
  A death knight (D:11)
  A skeletal warrior (D:11)
  A fire crab (Gauntlet)
  A manticore (D:11)
  2 freezing wraiths (D:11)
  A wraith (D:8)
  2 wyverns
  4 fire bats (Gauntlet)
  A steam dragon (D:8)
  An acid dragon (D:11)
  A warg (D:11)
  Edmund (D:4)
  Duvessa (D:4)
  2 water moccasins
  A black bear (D:8)
  6 sky beasts
  2 ice beasts
  4 ogres
  A phantom (D:7)
  An eye of draining (D:8)
  2 necrophages
  8 centaurs
  A big kobold (D:11)
  11 bullfrogs
  Dowan (D:4)
  An elf skeleton (D:8)
  4 scorpions
  5 killer bees (D:11)
  12 wights
  An electric eel (D:9)
  2 bullfrog zombies
  A quasit (D:11)
  2 bullfrog skeletons
  A centaur skeleton (D:5)
  A centaur zombie (D:7)
  5 orc priests
  5 hounds
  3 human zombies (D:8)
  3 jellies
  8 orc wizards
  2 iguanas
  A gnoll shaman (D:7)
  2 human skeletons (D:8)
  A killer bee zombie (D:2)
  8 worker ants
  A hound zombie (D:8)
  2 hound skeletons
  A worker ant zombie (D:11)
  8 gnolls
  12 adders
  2 shadow imps
  2 white imps
  3 ufetubi
  An ooze (D:3)
  2 adder skeletons
  3 adder zombies
  3 worms
  2 dart slugs
  5 leopard geckos
  38 orcs
  2 bats
  4 giant cockroaches
  4 goblins
  8 hobgoblins
  13 jackals
  7 quokkas
  3 frilled lizards
  A giant cockroach zombie (D:5)
  8 kobolds
  2 orc zombies (D:8)
  2 quokka skeletons (D:8)
  5 rats
270 creatures vanquished.

Vanquished Creatures (others)
  77 fulminant prisms
  2 plants
79 creatures vanquished.

Grand Total: 349 creatures vanquished

Notes
Turn   | Place    | Note
-------+----------+-------------------------------------------
     0 | D:1      | robertstho the Gnoll Conjurer began the quest for the Orb.
     0 | D:1      | Reached XP level 1. HP: 13/13 MP: 6/6
   167 | D:1      | Reached XP level 2. HP: 19/19 MP: 5/7
   808 | D:1      | Learned a level 2 spell: Searing Ray
   812 | D:2      | Reached skill level 5 in Spellcasting
   812 | D:2      | Reached XP level 3. HP: 18/25 MP: 4/9
   981 | D:2      | Reached skill level 1 in Fighting
   981 | D:2      | Reached skill level 1 in Short Blades
   981 | D:2      | Reached skill level 1 in Long Blades
   981 | D:2      | Reached skill level 1 in Axes
   981 | D:2      | Reached skill level 1 in Maces & Flails
   981 | D:2      | Reached skill level 1 in Polearms
   981 | D:2      | Reached skill level 1 in Staves
   981 | D:2      | Reached skill level 1 in Slings
   981 | D:2      | Reached skill level 1 in Bows
   981 | D:2      | Reached skill level 1 in Crossbows
   981 | D:2      | Reached skill level 1 in Throwing
   981 | D:2      | Reached skill level 1 in Armour
   981 | D:2      | Reached skill level 1 in Shields
   981 | D:2      | Reached skill level 1 in Unarmed Combat
   981 | D:2      | Reached skill level 1 in Invocations
   981 | D:2      | Reached skill level 1 in Evocations
   981 | D:2      | Reached XP level 4. HP: 30/32 MP: 8/11
  1275 | D:2      | Reached skill level 1 in Hexes
  1275 | D:2      | Reached skill level 1 in Summonings
  1275 | D:2      | Reached skill level 1 in Necromancy
  1275 | D:2      | Reached skill level 1 in Translocations
  1275 | D:2      | Reached skill level 1 in Transmutations
  1275 | D:2      | Reached skill level 1 in Fire Magic
  1275 | D:2      | Reached skill level 1 in Ice Magic
  1275 | D:2      | Reached skill level 1 in Air Magic
  1275 | D:2      | Reached skill level 1 in Earth Magic
  1275 | D:2      | Reached skill level 1 in Poison Magic
  1399 | D:2      | Reached XP level 5. HP: 37/37 MP: 9/12
  2998 | D:3      | Learned a level 3 spell: Dazzling Flash
  3003 | D:3      | Reached XP level 6. HP: 30/44 MP: 3/13
  3196 | D:3      | Learned a level 4 spell: Fulminant Prism
  3201 | D:3      | Learned a level 4 spell: Iskenderun's Mystic Blast
  3613 | D:3      | Found a sparkling altar of Nemelex Xobeh.
  3722 | D:4      | Reached skill level 5 in Dodging
  3847 | D:4      | Found a staircase to the Ecumenical Temple.
  3911 | D:4      | Reached XP level 7. HP: 47/50 MP: 2/15
  4329 | D:4      | Found a burning altar of Makhleb.
  4528 | D:4      | Noticed Duvessa
  4528 | D:4      | Noticed Dowan
  4543 | D:4      | Killed Duvessa
  4555 | D:4      | Killed Dowan
  4577 | Temple   | Entered the Ecumenical Temple
  4752 | Temple   | Became a worshipper of Sif Muna the Loreminder
  4933 | D:5      | Entered Level 5 of the Dungeon
  4945 | D:5      | Reached skill level 5 in Stealth
  4961 | D:5      | Reached XP level 8. HP: 19/57 MP: 3/16
  5611 | D:5      | Noticed Edmund
  6462 | D:4      | Killed Edmund
  7014 | D:5      | Found a shadowy altar of Dithmenos.
  7467 | D:6      | Reached * piety under Sif Muna
  7994 | D:7      | Reached XP level 9. HP: 45/65 MP: 11/18
  8437 | D:7      | Found a broken altar of Ashenzari.
  8461 | D:7      | Reached skill level 8 in Conjurations
  9174 | D:8      | Found an iron altar of Okawaru.
  9339 | D:8      | Reached skill level 5 in Invocations
  9782 | D:8      | Found a basalt altar of Yredelemnul.
 10176 | D:8      | Reached XP level 10. HP: 73/73 MP: 15/20
 10513 | D:8      | Reached ** piety under Sif Muna
 10586 | D:8      | Reached skill level 5 in Fighting
 10586 | D:8      | Reached skill level 5 in Short Blades
 10586 | D:8      | Reached skill level 5 in Long Blades
 10586 | D:8      | Reached skill level 5 in Axes
 10586 | D:8      | Reached skill level 5 in Maces & Flails
 10586 | D:8      | Reached skill level 5 in Polearms
 10586 | D:8      | Reached skill level 5 in Staves
 10586 | D:8      | Reached skill level 5 in Slings
 10586 | D:8      | Reached skill level 5 in Bows
 10586 | D:8      | Reached skill level 5 in Crossbows
 10586 | D:8      | Reached skill level 5 in Throwing
 10586 | D:8      | Reached skill level 5 in Armour
 10586 | D:8      | Reached skill level 5 in Shields
 10586 | D:8      | Reached skill level 5 in Unarmed Combat
 10586 | D:8      | Reached skill level 5 in Evocations
 11393 | D:9      | Found a hide-covered altar of Uskayaw.
 11402 | D:9      | Found Voame's General Store.
 11452 | D:9      | Bought a potion of heal wounds for 70 gold pieces
 11452 | D:9      | Bought a scroll of teleportation for 42 gold pieces
 11492 | D:9      | Found Udeloyg's Jewellery Emporium.
 11801 | D:10     | Entered Level 10 of the Dungeon
 12033 | D:10     | Found a portal to a secret trove of treasure.
 12247 | D:10     | Found Kengat's Assorted Antiques.
 12256 | D:10     | Bought a worn bronze wand for 112 gold pieces
 12256 | D:10     | Bought a transparent bronze amulet for 140 gold pieces
 12256 | D:10     | Bought a scroll labeled TEKIER DOGINE for 28 gold pieces
 12256 | D:10     | Bought a pair of embroidered boots for 210 gold pieces
 12256 | D:10     | Identified the amulet "Egiasil" {Acrobat rC+} (You bought
                  | it in a shop on level 10 of the Dungeon)
 12366 | D:10     | Found Cequ's Assorted Antiques.
 12366 | D:10     | Found Xedakev's Weapon Shoppe.
 12370 | D:10     | Bought a scroll of identify for 56 gold pieces
 12435 | D:10     | Found Ziohac's Weapon Emporium.
 12754 | D:11     | Found a staircase to the Lair.
 12758 | D:11     | Reached *** piety under Sif Muna
 12802 | D:11     | Reached XP level 11. HP: 19/81 MP: 13/22
 12812 | D:11     | Noticed a manticore
 12824 | D:11     | Killed a manticore
 12857 | D:11     | Noticed a skeletal warrior
 12869 | D:11     | Killed a skeletal warrior
 12869 | D:11     | Reached skill level 5 in Hexes
 12869 | D:11     | Reached skill level 5 in Summonings
 12869 | D:11     | Reached skill level 5 in Necromancy
 12869 | D:11     | Reached skill level 5 in Translocations
 12869 | D:11     | Reached skill level 5 in Transmutations
 12869 | D:11     | Reached skill level 5 in Fire Magic
 12869 | D:11     | Reached skill level 5 in Ice Magic
 12869 | D:11     | Reached skill level 5 in Air Magic
 12869 | D:11     | Reached skill level 5 in Earth Magic
 12869 | D:11     | Reached skill level 5 in Poison Magic
 13008 | D:11     | Noticed a death knight
 13025 | D:11     | Killed a death knight
 13056 | D:11     | Found a gate leading to a gauntlet.
 13063 | Gauntlet | Entered a Gauntlet
 13063 | Gauntlet | Found a transporter.
 13063 | Gauntlet | Found a transporter.
 13063 | Gauntlet | Noticed a fire crab
 13063 | Gauntlet | Noticed a catoblepas
 13399 | Gauntlet | Found a transporter.
 13403 | Gauntlet | Found a transporter.
 13417 | Gauntlet | Found a transporter.
 13419 | Gauntlet | Found a transporter.
 13429 | Gauntlet | Found a transporter.
 13455 | Gauntlet | Found a transporter.
 13471 | Gauntlet | Noticed a death ooze
 13473 | Gauntlet | Found a transporter.
 13473 | Gauntlet | Found a transporter.
 13516 | Gauntlet | Found a transporter.
 13530 | Gauntlet | Found a transporter.
 13534 | Gauntlet | Noticed a death ooze
 13610 | Gauntlet | Killed a fire crab
 13610 | Gauntlet | Reached skill level 9 in Conjurations
 13610 | Gauntlet | Engulfed by a cloud of flame

Illustrated notes

Levels and vault maps discovered:
D:1:      dpeg_arrival_simpleton_c, layout_loops_cross
D:2:      layout_loops_ring
D:3:      layout_loops_corners, nemelex_xobeh_ov_fountains_minmay
D:4:      layout_rooms, lemuel_coloured_pillars_altar,
          minmay_temple_entry_statues_pillars, minmay_ruptured, uniq_duvessa
D:5:      layout_rooms, grunt_dithmenos_smoke_and_mirrors, uniq_edmund
D:6:      layout_gridville
D:7:      layout_rooms, nicolae_overflow_crystal_walls
D:8:      minmay_octagon_keep, layout_basic, lemuel_round_altar,
          lemuel_mausoleum_altar_yredelemnul
D:9:      layout_big_octagon, eat_drink_and_be_merry_uskayaw, serial_shops,
          nicolae_shop_temple_entry_statues_fountains, shop, st_stairs_5
D:10:     layout_cave_pools, enter_trove_2, serial_shops,
          nicolae_shop_overgrown_old_shop, nicolae_shop_stone, shop, shop
D:11:     layout_roguey, erik_lair_orcish_takeover, gauntlet_entry_generic,
          kennysheep_kite_vault
Temple:   minmay_temple_bridge_d
Gauntlet: gammafunk_gauntlet_hard_choice [nicolae_gauntlet_arena_x,
          nicolae_gauntlet_arena_grate_2, gammafunk_gauntlet_arena_split_x,
          gammafunk_gauntlet_arena_split_diamond,
          gammafunk_gauntlet_arena_teeth, gammafunk_gauntlet_arena_spirals,
          nicolae_gauntlet_exit_dead_adventurers]

Skill      XL: |  1  2  3  4  5  6  7  8  9 10 11 |
---------------+----------------------------------+-----
Spellcasting   | 5 6 7 8 |  8.2
Fighting       | 1 2 3 4 5 6 |  6.4
Short Blades   | 1 2 3 4 5 6 |  6.4
Long Blades    | 1 2 3 4 5 6 |  6.4
Axes           | 1 2 3 4 5 6 |  6.4
Maces & Flails | 1 2 3 4 5 6 |  6.4
Polearms       | 1 2 3 4 5 6 |  6.4
Staves         | 1 2 3 4 5 6 |  6.4
Slings         | 1 2 3 4 5 6 |  6.4
Bows           | 1 2 3 4 5 6 |  6.4
Crossbows      | 1 2 3 4 5 6 |  6.4
Throwing       | 1 2 3 4 5 6 |  6.4
Armour         | 1 2 3 4 5 6 |  6.4
Shields        | 1 2 3 4 5 6 |  6.4
Unarmed Combat | 1 2 3 4 5 6 |  6.4
Invocations    | 1 2 3 4 5 6 7 |  7.0
Evocations     | 1 2 3 4 5 6 |  6.4
Hexes          | 1 2 3 4 5 |  5.3
Summonings     | 1 2 3 4 5 |  5.3
Necromancy     | 1 2 3 4 5 |  5.3
Translocations | 1 2 3 4 5 |  5.3
Transmutations | 1 2 3 4 5 |  5.3
Fire Magic     | 1 2 3 4 5 |  5.3
Ice Magic      | 1 2 3 4 5 |  5.3
Air Magic      | 1 2 3 4 5 |  5.3
Earth Magic    | 1 2 3 4 5 |  5.3
Poison Magic   | 1 2 3 4 5 |  5.3
Dodging        | 5 6 7 8 |  8.0
Stealth        | 5 6 7 |  7.7
Conjurations   | 8 9 |  9.0

Action                   |  1- 3 |  4- 6 |  7- 9 | 10-12 || total
-------------------------+-------+-------+-------+-------++-------
Melee: Whip              |     8 |    26 |     5 |       ||    39
       Bite              |     1 |       |     7 |     2 ||    10
       Dagger            |       |       |    49 |     1 ||    50
       Punch             |       |       |     1 |       ||     1
       Staff             |       |       |       |    14 ||    14
 Cast: Magic Dart        |    17 |     4 |     7 |       ||    28
       Searing Ray       |     3 |    37 |    51 |    31 ||   122
       Dazzling Flash    |       |     1 |       |       ||     1
       Fulminant Prism   |       |       |    37 |    40 ||    77
       Iskenderun's Myst |       |       |     4 |    18 ||    22
Invok: Channel Magic     |       |       |       |     4 ||     4
Evoke: Wand              |       |       |     2 |     1 ||     3
  Use: Potion            |       |     3 |     4 |     5 ||    12
       Scroll            |       |       |    15 |     8 ||    23
 Stab: Sleeping          |     1 |       |     3 |       ||     4
       Distracted        |       |       |     1 |       ||     1
Armor: Robe              |     2 |     8 |     9 |       ||    19
       Skin              |       |     5 |       |       ||     5
       Steam dragon scal |       |       |     4 |    29 ||    33
Dodge: Dodged            |    10 |    37 |    94 |    84 ||   225
Block: Buckler           |       |    10 |     9 |       ||    19

Table legend: (Time is in decaauts)
 A = Elapsed time spent in this place.
 B = Non-inter-level travel time spent in this place.
 C = Inter-level travel time spent in this place.
 D = Time resting spent in this place.
 E = Time spent auto-exploring this place.
 F = Levels seen in this place.
 G = Mean time per level.
                   A        B        C        D        E       F      G
               +--------+--------+--------+--------+--------+-----+--------+
         Total |  13564 |  12914 |    650 |   2960 |   8111 |  13 | 1043.4 |
       Dungeon |  12773 |  12214 |    559 |   2639 |   7809 |  11 | 1161.2 |
        Temple |    244 |    153 |     91 |      0 |    148 |   1 |  244.0 |
      Gauntlet |    546 |    546 |      0 |    321 |    154 |   1 |  546.0 |
               +--------+--------+--------+--------+--------+-----+--------+

Top non-repeatable levels by time:
     D:4: 2550 daAuts
     D:8: 2255 daAuts
     D:2: 1502 daAuts
     D:3: 1391 daAuts
     D:9: 913 daAuts
     D:7: 883 daAuts
     D:1: 807 daAuts
    D:10: 780 daAuts
     D:5: 714 daAuts
     D:6: 686 daAuts
Gauntlet: 546 daAuts
    D:11: 288 daAuts
  Temple: 244 daAuts
